 Dungeon Crawl Stone Soup version 0.32-a0-933-ga8fa3634e4 (webtiles) character file.

Game seed: 5084964590990007133

151 funkygono the Firebug (level 5, -3/28 HPs)
             Began as a Deep Elf Fire Elementalist on Apr 14, 2024.
             Slain by Crazy Yiuf
             ... wielding a +3 quarterstaff of chaos
              (14 damage)
             ... on level 2 of the Dungeon.
             The game lasted 00:03:46 (2666 turns).

funkygono the Firebug (Deep Elf Fire Elementalist)  Turns: 2666, Time: 00:03:47

Health: -3/28      AC:  4    Str:  5    XL:     5   Next: 10%
Magic:  9/13       EV: 11    Int: 22    God:
Gold:   90         SH:  0    Dex: 15    Spells: 6/13 levels left

rFire   + . .        h - +1 dagger
rCold   . . .        (no shield)
rNeg    . . .        a - +0 robe
rPois   .            n - +0 helmet
rElec   .            (no cloak)
rCorr   .            (no gloves)
SInv    .            i - +0 pair of boots
Will    .....        (no amulet)
Stlth   ++           j - ring of flight
HPRegen 0.24/turn    l - ring of protection from fire
MPRegen 0.13/turn

%: no passive effects
@: flying
A: no striking features
a: no special abilities


You were on level 2 of the Dungeon.
You visited 1 branch of the dungeon, and saw 2 of its levels.

You collected 114 gold pieces.
You spent 24 gold pieces at shops.

Inventory:

Hand Weapons
 h - a +1 dagger (weapon)
Armour
 a - a +0 robe (worn)
 i - a +0 pair of boots (worn)
 n - a +0 helmet (worn)
Jewellery
 e - a ring of willpower
 j - a ring of flight (left hand)
 l - a ring of protection from fire (right hand)
Wands
 c - a wand of polymorph (4)
Scrolls
 m - a scroll of noise {unknown}
Potions
 b - a potion of magic
 d - a potion of might
 f - a potion of curing
 g - a potion of lignification
 k - a potion of mutation {unknown}


   Skills:
 + Level 2.6 Dodging
 + Level 3.0 Stealth
 + Level 4.6 Spellcasting
 + Level 2.4 Conjurations
 + Level 4.8 Fire Magic


You had 6 spell levels left.
You knew the following spells:

 Your Spells              Type           Power      Damage    Failure   Level
a - Foxfire               Conj/Fire      84%        2x1d8     2%          1
b - Scorch                Fire           52%        2d7       2%          2
c - Flame Wave            Conj/Fire      21%        2d8       24%         4

Your spell library contained the following spells:

 Spells                   Type           Power      Damage    Failure   Level
 Inner Flame              Hex/Fire       15%        N/A       12%         3
 Volatile Blastmotes      Fire/Tloc      30%        2d12      12%         3
 Fulminant Prism          Conj/Alch      5%         3d6       54%         4
 Iskenderun's Mystic Bla Conj/Tloc 10%            2d4        (+2d2     54%         4
 Conjure Ball Lightning   Conj/Air       5%         3x3d6     100%        6
 Discord                  Hex            2%         N/A       100%        8
 Disjunction              Tloc           2%         N/A       100%        8


Dungeon Overview and Level Annotations

Branches:
Dungeon (2/15)

Altars:

Shops:
D:1 ?

Annotations:
D:2 Crazy Yiuf


Message History

Casting: Foxfire (safe; 2% risk of failure)
Confirm with . or Enter, or press ? or * to list all spells.
You conjure some foxfire!
Natasha hisses angrily.
Natasha casts a spell at you. The magic dart hits you!
Unknown command.
Casting: Foxfire (safe; 2% risk of failure)
Confirm with . or Enter, or press ? or * to list all spells.
You conjure some foxfire!
The foxfire hits Natasha.
Natasha is heavily wounded.
Unknown command.
Casting: Foxfire (safe; 2% risk of failure)
Confirm with . or Enter, or press ? or * to list all spells.
You conjure some foxfire!
The foxfire hits Natasha.
Natasha is severely wounded.
The foxfire hits Natasha.
You kill Natasha!
You feel Natasha's spirit has finally been put to rest.
Your Conjurations skill increases to level 2!
You have reached level 5!
Your foxfire dissipates!
Your foxfire dissipates!
Your foxfire dissipates!
HP restored.
Magic restored.
You reach down and open the door.
Casting: Foxfire (safe; 2% risk of failure)
Confirm with . or Enter, or press ? or * to list all spells.
Flames lash Crazy Yiuf.
Crazy Yiuf is moderately wounded.
Crazy Yiuf's fire resistance burns away.
Crazy Yiuf hits you with a +3 quarterstaff of chaos!
You are electrocuted!
Casting: Scorch (safe; 2% risk of failure)
Confirm with . or Enter, or press ? or * to list all spells.
Flames lash Crazy Yiuf.
Crazy Yiuf is burned terribly!
Crazy Yiuf is almost dead.
Crazy Yiuf hits you with a +3 quarterstaff of chaos!
Ouch! That really hurt!
You die...

.....# #.#
####..##
###### #.#
#....# # #>#
♣...)♣ # #.#
♣♣...♣
#########.##
♣♣.♣♣
...........#
♣♣.♣
#########.##
♣.♣♣
########...#
♣♣.♣
...........#
♣@♣♣
#######....#
#g#
...........#
...
#######....#
#...# ##
##...# #)..#
.# ##.##
#####
.########.#
....†..)..#
###########


You could see Crazy Yiuf (combustible).

Vanquished Creatures
  Natasha (thrice) (D:2)
  A gnoll (D:1)
  A dart slug (D:1)
  8 ball pythons
  2 bats (D:1)
  2 endoplasms (D:1)
  4 giant cockroaches
  5 goblins
  8 hobgoblins
  7 jackals
  6 quokkas
  A frilled lizard (D:2)
  5 kobolds
  5 rats
58 creatures vanquished.

Vanquished Creatures (others)
  133 foxfires
133 creatures vanquished.

Grand Total: 191 creatures vanquished

Notes
Turn   | Place    | Note
-------+----------+-------------------------------------------
     0 | D:1      | funkygono the Deep Elf Fire Elementalist began the quest
                  | for the Orb.
     0 | D:1      | Reached XP level 1. HP: 10/10 MP: 6/6
   292 | D:1      | Reached XP level 2. HP: 12/15 MP: 2/8
   297 | D:1      | Learned a level 2 spell: Scorch
   530 | D:1      | Reached XP level 3. HP: 19/19 MP: 1/10
   608 | D:1      | You fall into a shaft and drop 1 floor!
   708 | D:2      | Noticed Natasha
   710 | D:2      | Killed Natasha
   856 | D:1      | Reached XP level 4. HP: 24/24 MP: 8/12
  1147 | D:1      | Found Ufuhukhati's Magic Scroll Shop.
  1167 | D:1      | Bought a scroll of identify for 24 gold pieces
  1754 | D:2      | Learned a level 4 spell: Flame Wave
  2139 | D:2      | Found a runed translucent door.
  2140 | D:2      | Noticed Crazy Yiuf
  2195 | D:2      | Noticed Natasha
  2201 | D:2      | Killed Natasha
  2591 | D:2      | Noticed Natasha
  2594 | D:2      | Killed Natasha
  2595 | D:2      | Reached XP level 5. HP: 21/28 MP: 9/13
  2666 | D:2      | Slain by Crazy Yiuf

Illustrated notes

Levels and vault maps discovered:
D:1:      kilobyte_arrival_exit_the_forest, layout_basic, serial_shops,
          nicolae_shop_tiny_waterfront, minmay_3d_cube
D:2:      layout_loops_ring, nrook_mini_vaults, uniq_crazy_yiuf_cottage,
          uniq_natasha

Skill      XL: |  1  2  3  4 |
---------------+-------------+-----
Fire Magic     | 4 |  4.8
Spellcasting   | 4 |  4.6
Stealth        | 3 |  3.0
Conjurations   | 2 |  2.4
Dodging        | |  2.6

Action                     |  1- 3 |  4- 6 || total
---------------------------+-------+-------++-------
   Cast: Foxfire           |    40 |    39 ||    79
         Scorch            |     8 |    12 ||    20
    Use: Scroll            |       |     5 ||     5
 Armour: Robe              |     6 |     7 ||    13
  Dodge: Dodged            |     1 |     3 ||     4

Table legend: (Time is in decaauts)
 A = Elapsed time spent in this place.
 B = Non-inter-level travel time spent in this place.
 C = Inter-level travel time spent in this place.
 D = Time resting spent in this place.
 E = Time spent auto-exploring this place.
 F = Levels seen in this place.
 G = Mean time per level.
                   A        B        C        D        E       F      G
               +--------+--------+--------+--------+--------+-----+--------+
         Total |   2664 |   2624 |     40 |      0 |   2114 |   2 | 1332.0 |
       Dungeon |   2664 |   2624 |     40 |      0 |   2114 |   2 | 1332.0 |
               +--------+--------+--------+--------+--------+-----+--------+

Top non-repeatable levels by time:
     D:1: 1411 daAuts
     D:2: 1253 daAuts
